 Dungeon Crawl Stone Soup version 0.30-a0-421-g7324886 (webtiles) character file.

Game seed: 4709288899443549966

78 Dorkslayer the Covered (level 4, 0/29 HPs)
             Began as a Gargoyle Fighter on Dec 8, 2022.
             Slain by Sigmund
             ... wielding a +0 scythe
              (6 damage)
             ... on level 2 of the Dungeon.
             The game lasted 00:03:04 (1023 turns).

Dorkslayer the Covered (Gargoyle Fighter)           Turns: 1023, Time: 00:03:05

Health: 0/29       AC: 10    Str: 20    XL:     4   Next: 36%
Magic:  13/13      EV:  9    Int:  8    God:
Gold:   99         SH:  4    Dex: 11    Spells: 3/3 levels left

rFire   . . .      SeeInvis .    a - +0 long sword
rCold   . . .      Faith    .    c - +0 buckler
rNeg    + . .      Spirit   .    b - +0 scale mail
rPois   ∞          Reflect  .    (no helmet)
rElec   +          Harm     .    (no cloak)
rCorr   .          Rampage  .    (no gloves)
Will    .....                    (no boots)
Stlth   ..........               (no amulet)
HPRegen 0.24/turn                j - ring of magical power
MPRegen 0.13/turn                (no ring)

@: no status effects
A: sickness immunity, AC +3, negative energy resistance 1, electricity
resistance, torment resistance 1, petrification resistance
a: no special abilities


You were on level 2 of the Dungeon.
You visited 1 branch of the dungeon, and saw 2 of its levels.

You collected 99 gold pieces.

Inventory:

Hand Weapons
 a - a +0 long sword (weapon)
Armour
 b - a +0 scale mail (worn)
 c - a +0 buckler (worn)
 m - a +0 chain mail
Jewellery
 j - a ring of magical power (left hand)
Scrolls
 e - 4 scrolls of identify {unknown}
 g - 2 scrolls of teleportation {unknown}
 i - 2 scrolls of immolation {unknown}
 n - a scroll of enchant weapon {unknown}
Potions
 d - a potion of might
 f - a potion of haste {unknown}
 h - a potion of mutation {unknown}
 k - a potion of brilliance {unknown}
 l - a potion of lignification {unknown}


   Skills:
 + Level 3.8 Fighting
 + Level 2.6 Long Blades
 + Level 3.9 Armour
 * Level 1.0 Dodging
 + Level 3.7 Shields


You had 3 spell levels left.
You didn't know any spells.
Your spell library contained the following spells:

 Spells                   Type           Power      Damage    Failure   Level
 Gell's Gravitas          Tloc           0%         N/A       99%         3
 Teleport Other           Tloc           0%         N/A       99%         3
 Dispersal                Tloc           0%         N/A       100%        6


Dungeon Overview and Level Annotations

Branches:
Dungeon (2/15)

Altars:

Shops:
D:1 !((*

Annotations:
D:2 Sigmund


Innate Abilities, Weirdness & Mutations

You are immune to sickness and miasma.
Your stone body is resilient. (AC +3)
You are immune to poison.
You resist negative energy. (rN+)
You are resistant to electric shocks. (rElec)
You are resistant to unholy torment.
You are immune to petrification.


Message History

A hobgoblin comes into view.
A magic dart appears from out of thin air!
The magic dart hits you. The rat bites you.
Something hits you but does no damage.
Things that are here:
a +0 short sword; a stone; a kobold corpse You closely miss something.
The rat completely misses you. Something hits you but does no damage.
The rat barely misses you.
You miss something. The rat barely misses you.
You miss something. Something hits you but does no damage.
You block the rat's attack.
You closely miss something. You block the rat's attack.
You hear some strange, mumbled words.
A puff of flame appears from out of thin air!
The puff of flame hits you but does no damage.
You hit something. The rat bites you but does no damage.
The hobgoblin hits you. Something hits you! You block the rat's attack.
The hobgoblin barely misses you.
You hit something. Something hits you.
* * * LOW HITPOINT WARNING * * *
The rat bites you but does no damage. You block the hobgoblin's attack.
You miss something. The rat bites you but does no damage.
You block the hobgoblin's attack. You block something's attack.
Unknown command.
You hit the hobgoblin.
You kill the hobgoblin!
The rat bites you but does no damage. Something hits you but does no damage.
The rat bites you but does no damage.
You hit the rat but do no damage. The rat misses you.
Something hits you but does no damage.
You slash the rat!
You kill the rat!
Something hits you but does no damage.
Found a runed spear.
You slash something! Something hits you.
* * * LOW HITPOINT WARNING * * *
You closely miss something. Something hits you.
* * * LOW HITPOINT WARNING * * *
You miss something. Something hits you.
You die...

##.......#
..##.......###
......##.......>..
..... ########### # #
... ####.....
#.#.#####.### #......##
............# #......#
............# #......#
.......@....#######.###
)......{)...'.......#
............#########
#.#.######### # #


There were no monsters in sight!

Vanquished Creatures
  Terence (D:2)
  A worm (D:2)
  2 dart slugs (D:1)
  9 giant cockroaches
  2 goblins (D:1)
  5 hobgoblins
  4 quokkas
  5 ball pythons (D:1)
  2 bats
  3 frilled lizards (D:1)
  4 kobolds
  4 rats
42 creatures vanquished.

Notes
Turn   | Place    | Note
-------+----------+-------------------------------------------
     0 | D:1      | Dorkslayer the Gargoyle Fighter began the quest for the
                  | Orb.
     0 | D:1      | Reached XP level 1. HP: 14/14 MP: 1/1
    77 | D:1      | Found Tirefege's Antique Weapon Shop.
    96 | D:1      | Reached XP level 2. HP: 19/19 MP: 2/2
   172 | D:1      | Found Juong's General Store.
   283 | D:1      | Found Yziad's Weapon Emporium.
   514 | D:1      | Reached XP level 3. HP: 24/24 MP: 3/3
   651 | D:1      | Found Sibe's Distillery.
   782 | D:1      | Found a faded altar of an unknown god.
   927 | D:2      | Noticed Terence
   933 | D:2      | Killed Terence
   934 | D:2      | Reached XP level 4. HP: 23/29 MP: 4/4
  1003 | D:2      | Noticed Sigmund
  1008 | D:2      | Reached skill level 1 in Dodging
  1023 | D:2      | Slain by Sigmund

Illustrated notes

Levels and vault maps discovered:
D:1:      minmay_arrival_open_corners, layout_loops_ring,
          hellmonk_ecumenical_altar_defaced_shrine, serial_shops,
          nicolae_shop_trees, shop_fountains, shop, nicolae_shop_hallway_plus
D:2:      layout_basic, uniq_terence, uniq_sigmund

Skill      XL: |  1  2  3  4 |
---------------+-------------+-----
Long Blades    | 2 |  2.6
Dodging        | 1 |  1.0
Fighting       | |  3.8
Armour         | |  3.9
Shields        | |  3.7

Action                   |  1- 3 |  4- 6 || total
-------------------------+-------+-------++-------
Melee: Long sword        |   108 |    32 ||   140
  Use: Potion            |     1 |       ||     1
Armor: Scale mail        |    74 |    20 ||    94
Dodge: Dodged            |    46 |    11 ||    57
Block: Buckler           |    22 |    10 ||    32

Table legend: (Time is in decaauts)
 A = Elapsed time spent in this place.
 B = Non-inter-level travel time spent in this place.
 C = Inter-level travel time spent in this place.
 D = Time resting spent in this place.
 E = Time spent auto-exploring this place.
 F = Levels seen in this place.
 G = Mean time per level.
                   A        B        C        D        E       F      G
               +--------+--------+--------+--------+--------+-----+--------+
         Total |   1068 |   1068 |      0 |      0 |    444 |   2 |  534.0 |
       Dungeon |   1068 |   1068 |      0 |      0 |    444 |   2 |  534.0 |
               +--------+--------+--------+--------+--------+-----+--------+

Top non-repeatable levels by time:
     D:1: 958 daAuts
     D:2: 109 daAuts
